 Dungeon Crawl Stone Soup version 0.22-a0-305-gd21a89c (webtiles) character file.

133465 xccam the Severer (level 17, -2/134 HPs)
             Began as a Formicid Fighter on Mar 31, 2018.
             Was the Champion of Cheibriados.
             Killed from afar by a shock serpent (9 damage)
             ... with an electric aura
             ... on level 2 of the Snake Pit.
             The game lasted 01:04:52 (22990 turns).

xccam the Severer (Formicid Fighter)               Turns: 22990, Time: 01:04:54

Health: -2/134     AC: 28    Str: 43    XL:     17   Next: 72%
Magic:  16/26      EV: 20    Int: 24    God:    Cheibriados [******]
Gold:   2382       SH: 30    Dex: 32    Spells: 16/16 levels left

rFire    + . .     SeeInvis +   G - +2 battleaxe "Muts" {chop, *Rage Str+2 Dex+3}
rCold    + . .     Gourm    .   v - +1 large shield of the Hare {rPois rN+ MR+}
rNeg     + . .     Faith    .   r - +2 plate armour {rC+}
rPois    +         Spirit   .   (helmet unavailable)
rElec    .         Reflect  +   H - +1 cloak "Sipi" {*Drain MR++ Slay+3 Stlth+}
rCorr    .         Harm     .   i - +0 pair of gloves
MR       ++++.                  E - +0 pair of boots "Nauqe" {rF+ Regen+ Dex+3}
Stlth    ..........             s - +5 amulet of reflection
HPRegen  0.72/turn              F - +3 ring of evasion
MPRegen  0.20/turn              n - +5 ring of protection

@: very slow
A: permanent stasis, dig shafts and tunnels, four strong arms, antennae 3,
rugged brown scales 1, wild magic 1, no potion heal 1
a: Dig, Shaft Self, Bend Time, Temporal Distortion, Slouch, Step From Time,
Renounce Religion


You were on level 2 of the Snake Pit.
You worshipped Cheibriados.
Cheibriados was exalted by your worship.
You were hungry.

You visited 5 branches of the dungeon, and saw 26 of its levels.
You also visited: Ice Cave.

You collected 3544 gold pieces.
You spent 1162 gold pieces at shops.

Inventory:

Hand Weapons
 d - a +1 battleaxe of chopping
 g - a +0 battleaxe of freezing
 G - the +2 battleaxe "Muts" (weapon) {chop, *Rage Str+2 Dex+3}
   (You acquired it on level 1 of the Lair of Beasts)

   It inflicts extra damage upon your enemies.
   It affects your strength (+2).
   It affects your dexterity (+3).
   It may make you go berserk in combat.
Armour
 a - a +1 plate armour of fire resistance
 i - a +0 pair of gloves (worn)
 r - a +2 plate armour of cold resistance (worn)
 v - the +1 large shield of the Hare (worn) {rPois rN+ MR+}
   (You bought it in a shop on level 2 of the Orcish Mines)

   It protects you from poison.
   It protects you from negative energy.
   It affects your resistance to hostile enchantments.
 E - the +0 pair of boots "Nauqe" (worn) {rF+ Regen+ Dex+3}
   (You acquired it on level 4 of the Lair of Beasts)

   It affects your dexterity (+3).
   It protects you from fire.
   It increases your rate of regeneration.
 H - the +1 cloak "Sipi" (worn) {*Drain MR++ Slay+3 Stlth+}
   (You found it on level 3 of the Lair of Beasts)

   It affects your accuracy and damage with ranged weapons and melee attacks
   (+3).
   It affects your resistance to hostile enchantments.
   It causes draining when unequipped.
   It makes you more stealthy.
 N - the +2 cloak of the Thief {+Fog Slay-2 SInv Stlth+}
   (You found it on level 6 of the Lair of Beasts)

   It affects your accuracy and damage with ranged weapons and melee attacks
   (-2).
   It lets you see invisible.
   It makes you more stealthy.
Jewellery
 n - a +5 ring of protection (right hand)
 s - a +5 amulet of reflection (around neck)
 F - a +3 ring of evasion (left hand)
 L - a +3 ring of strength
 O - an uncursed ring of protection from fire
 S - the ring of Bul Riteu {rCorr +Fly Dex+5}
   (You found it in an ice cave)

   [ring of resist corrosion]

   It affects your dexterity (+5).
   It lets you fly.
 T - an uncursed ring of ice
Wands
 j - a wand of paralysis (18)
 l - a wand of disintegration (19)
 o - a wand of clouds (6)
 y - a wand of digging (62)
 z - a wand of flame (19)
 K - a wand of iceblast (19)
 Q - a wand of acid (27)
Scrolls
 b - 3 scrolls of vulnerability
 c - 2 scrolls of identify
 e - a scroll of fog
 h - 3 scrolls of magic mapping
 k - 9 scrolls of remove curse
 q - 5 scrolls of enchant armour
 B - 3 scrolls of summoning
 D - 3 scrolls of silence
 I - 2 scrolls of enchant weapon
 M - 4 scrolls of fear
 P - a scroll of holy word
Potions
 m - 5 potions of curing
 p - 4 potions of magic
 t - 2 potions of might
 u - 4 potions of agility
 w - 4 potions of mutation
 x - 6 potions of flight
 A - 2 potions of brilliance
 C - 7 potions of lignification
 J - 3 potions of cancellation
 R - a potion of resistance
Comestibles
 f - 70 rations


   Skills:
 + Level 11.3 Fighting
 - Level 20.0 Axes
 + Level 11.2 Armour
 + Level 8.1 Dodging
 * Level 11.9 Shields
 + Level 12.8 Invocations


You had 16 spell levels left.
You didn't know any spells.

Dungeon Overview and Level Annotations

Branches:
Dungeon (15/15)            Temple (1/1) D:7            Lair (6/6) D:10
 Shoals (0/4) Lair:4        Snake (2/4) Lair:3        Slime (0/5) Lair:5
    Orc (2/2) D:12            Elf (0/3) Orc:2        Vaults (0/5) D:14
 Depths (0/5) D:15

Altars:
Cheibriados
Elyvilon
Hepliaklqana
Kikubaaqudgha
Okawaru
Qazlal
Ru
Beogh
Lugonu

Shops:
D:6 [   D:11 =   D:13 *   Orc:2 (:*[


Innate Abilities, Weirdness & Mutations

You cannot be hasted, slowed, berserked, paralysed or teleported.
You can dig through walls and to a lower floor.
Your four strong arms can wield two-handed weapons with a shield.
You have a pair of large antennae on your head. (SInv)
You are partially covered in rugged brown scales. (AC +1, +3% HP)
Your spells are a little harder to cast, but a little more powerful.
Potions are less effective at restoring your health.


Message History

Aim: a shock serpent (chance to defeat MR: 48%)
The shock serpent resists with some effort.
You block the shock serpent's attack.
You can feel time thicken for a moment.
You are feeling hungry.
The shock serpent's electric aura discharges violently, shocking you! x2
* * * LOW HITPOINT WARNING * * *
The shock serpent shoots out a bolt of lightning at you!
The bolt of electricity misses the shock serpent.
The bolt of electricity hits you!
* * * LOW HITPOINT WARNING * * *
You block the shock serpent's attack. x2
You can feel time thicken for a moment.
You kill the shock serpent!
Cheibriados thoroughly appreciates the change of pace.
You kill the shock serpent!
Cheibriados appreciates the change of pace.
You feel somewhat more hungry.
The air sparks with electricity, shocking you!
You die...

.......................#
........#............###
..................... .
.................... .#
................... .#
..†>.........#.# .#.#
...............##..
.............##..#
........#....##>@###
.......≈♣≈.#...##..#
......♣♣≈♣≈#.#.##.##
.....≈≈P≈P≈≈.###..#
....≈≈≈≈≈≈≈≈.# #.##
....♣≈P≈≈≈≈≈≈# #.
...≈≈≈♣≈P♣≈≈≈♣ #S
..≈††≈≈P≈≈≈P♣P ##
..≈♣≈♣≈≈≈{≈P≈♣


There were no monsters in sight!

Vanquished Creatures
  A nagaraja (Snake:2)
  A frost giant (IceCv)
  3 orc warlords
  Louise (Snake:1)
  A stone giant (Orc:2)
  The ghost of xccam the Cleaver, a journeyman FoFi of Cheibriados (Lair:1)
  A rakshasa (D:14)
  2 naga warriors
  Erolcha (D:11)
  2 hydras
  A catoblepas (Lair:6)
  The ghost of Fingolfin the Transmogrifier, a novice OgTm of Cheibriados (D:8)
  Harold (Lair:1)
  3 centaur warriors (D:14)
  An ogre mage (D:15)
  3 anacondas (Snake:1)
  8 two-headed ogres
  Erica (D:11)
  5 shock serpents (Snake:2)
  4 naga sharpshooters (Snake:2)
  2 death yaks (IceCv)
  4 orc high priests (Orc:2)
  Nergalle (D:11)
  9 skeletal warriors
  A wizard (D:15)
  The ghost of Amnesiac the Fetichist, a novice SpGl of Gozag (Orc:1)
  4 sea snakes (Snake:2)
  A naga ritualist (Snake:1)
  A phantasmal warrior (D:14)
  6 orc knights
  A deep elf mage (D:15)
  5 mana vipers (Snake:1)
  A wolf spider zombie (D:14)
  10 orc sorcerers
  3 salamanders
  An oklob plant (Lair:4)
  6 cyclopes
  6 elephants (Lair:5)
  A merfolk siren (Lair:4)
  5 centaur zombies
  2 naga magi
  An ice statue (IceCv)
  13 black mambas
  8 spiny frogs
  A torpor snail (Lair:5)
  15 rime drakes
  An efreet (D:15)
  2 gargoyles
  3 kobold demonologists
  9 komodo dragons
  A queen bee (Lair:2)
  2 merfolk (Lair:4)
  25 polar bears
  7 trolls
  3 meliai (D:14)
  A hornet (shapeshifter) (D:13)
  9 slime creatures
  6 dream sheep
  A raiju (Lair:6)
  9 hippogriffs
  Grinder (D:5)
  26 blink frogs
  A snapping turtle (shapeshifter) (D:15)
  A shadow (D:12)
  A wraith (D:11)
  55 yaks
  A spriggan (Lair:2)
  A vampire (D:12)
  4 wyverns
  3 basilisks
  Eustachio (D:5)
  2 hogs (D:10)
  A human (D:10)
  Grum (Lair:1)
  3 vampire mosquitoes (D:14)
  8 steam dragons (Lair:3)
  A hungry ghost (D:14)
  16 wargs
  13 nagas
  An acid dragon (Lair:3)
  5 water moccasins
  14 hell hounds (Lair:6)
  The ghost of Amnesiac the Cutter, an amateur SpGl (D:5)
  44 orc warriors
  6 porcupines
  2 sky beasts
  11 black bears (Lair:6)
  An eye of draining (D:14)
  12 ice beasts
  8 phantoms
  A necrophage (D:7)
  10 centaurs
  19 ogres
  12 crocodiles
  32 wolves
  Blork the orc (D:5)
  2 big kobolds
  15 bullfrogs
  8 scorpions
  4 troll zombies (D:12)
  24 killer bees
  3 electric eels
  6 crimson imps
  7 howler monkeys
  2 lava snakes
  A quasit (D:6)
  21 orc priests
  32 orc wizards
  7 jellies
  A bullfrog skeleton (D:11)
  4 centaur skeletons
  13 worker ants
  An iguana (D:5)
  2 hell rats (Lair:5)
  4 ogre zombies (D:12)
  A hound skeleton (D:5)
  Robin (D:3)
  3 worker ant zombies
  13 adders
  7 river rats (Lair:5)
  5 shadow imps
  An ooze (D:4)
  An adder skeleton (D:9)
  5 worms
  3 dart slugs
  7 leopard geckos
  114 orcs
  A ball python (D:1)
  4 giant cockroaches
  11 goblins
  9 hobgoblins (D:3)
  11 jackals
  19 kobolds
  5 quokkas
  6 bats
  2 frilled lizards
  3 goblin skeletons (D:12)
  3 goblin zombies (D:12)
  2 hobgoblin skeletons (D:12)
  A hobgoblin zombie (D:12)
  A leopard gecko zombie (D:5)
  3 orc skeletons (D:12)
  13 orc zombies (D:12)
  3 rats
  2 bushes (Lair:2)
  3 fungi
  11 plants
981 creatures vanquished.

Vanquished Creatures (others)
  A centaur warrior (D:13)
  An orc high priest (Orc:2)
  A necromancer (D:14)
  A cyclops (D:15)
  2 yaks (Lair:5)
  5 centaurs
  8 fungi
  16 plants
35 creatures vanquished.

Grand Total: 1016 creatures vanquished

Notes
Turn   | Place    | Note
-------+----------+-------------------------------------------
     0 | D:1      | xccam the Formicid Fighter began the quest for the Orb.
     0 | D:1      | Reached XP level 1. HP: 18/18 MP: 1/1
   118 | D:1      | Reached XP level 2. HP: 24/24 MP: 2/2
   288 | D:1      | Reached skill level 3 in Axes
   695 | D:2      | Reached XP level 3. HP: 28/29 MP: 3/3
  1292 | D:3      | Reached skill level 4 in Axes
  1292 | D:3      | Reached XP level 4. HP: 16/35 MP: 4/4
  1316 | D:3      | Found a white marble altar of Elyvilon.
  1734 | D:3      | Reached XP level 5. HP: 39/41 MP: 5/5
  1744 | D:3      | Noticed Robin
  1757 | D:3      | Reached skill level 5 in Axes
  1764 | D:3      | Killed Robin
  2460 | D:4      | Reached skill level 6 in Axes
  2460 | D:4      | Reached XP level 6. HP: 40/47 MP: 6/6
  2479 | D:4      | Noticed an ogre
  3077 | D:4      | Noticed a phantom
  3081 | D:4      | Killed an ogre
  3081 | D:4      | Reached skill level 7 in Axes
  3081 | D:4      | Reached XP level 7. HP: 20/52 MP: 7/7
  3436 | D:4      | Reached skill level 8 in Axes
  3607 | D:5      | Entered Level 5 of the Dungeon
  3645 | D:5      | Reached XP level 8. HP: 52/58 MP: 8/8
  3735 | D:5      | Reached skill level 9 in Axes
  4277 | D:5      | Noticed Amnesiac's ghost (amateur SpGl)
  4280 | D:5      | Reached skill level 10 in Axes
  4282 | D:5      | Noticed Eustachio
  4291 | D:5      | Killed Amnesiac's ghost
  4298 | D:5      | Killed Eustachio
  4298 | D:5      | Reached skill level 5 in Shields
  4298 | D:5      | Reached XP level 9. HP: 37/64 MP: 9/9
  4311 | D:5      | Noticed Grinder
  4326 | D:5      | Killed Grinder
  4500 | D:5      | Noticed Blork the orc
  4505 | D:5      | Killed Blork the orc
  4964 | D:6      | Found a stormy altar of Qazlal.
  5043 | D:6      | Found Soeh's Antique Armour Shop.
  5725 | D:7      | Reached skill level 1 in Dodging
  5902 | D:7      | Reached XP level 10. HP: 69/73 MP: 10/10
  6063 | D:7      | Found a staircase to the Ecumenical Temple.
  6069 | Temple   | Entered the Ecumenical Temple
  6082 | Temple   | Became a worshipper of Cheibriados the Contemplative
  6266 | D:7      | Reached skill level 5 in Fighting
  6266 | D:7      | Reached skill level 5 in Armour
  6676 | D:8      | Reached * piety under Cheibriados
  6805 | D:8      | Found a hazy altar of Hepliaklqana.
  6888 | D:8      | Noticed Fingolfin's ghost (novice OgTm)
  6907 | D:8      | Killed Fingolfin's ghost
  7868 | D:9      | Reached ** piety under Cheibriados
  7980 | D:9      | Reached skill level 5 in Dodging
  8396 | D:10     | Entered Level 10 of the Dungeon
  8410 | D:10     | Reached XP level 11. HP: 84/84 MP: 11/11
  8677 | D:10     | Found a staircase to the Lair.
  8969 | D:10     | Reached *** piety under Cheibriados
  9234 | D:11     | Noticed Erolcha
  9248 | D:11     | Killed Erolcha
  9473 | D:11     | Found Alycla Lokk's Jewellery Shoppe.
  9481 | D:11     | Bought a +5 amulet of reflection for 453 gold pieces
  9567 | D:11     | Noticed a five-headed hydra
  9906 | Lair:1   | Entered Level 1 of the Lair of Beasts
  9950 | Lair:1   | Noticed xccam's ghost (journeyman FoFi)
  9987 | Lair:1   | Killed xccam's ghost
 10212 | Lair:1   | Noticed Harold
 10231 | Lair:1   | Killed Harold
 10231 | Lair:1   | Reached skill level 11 in Axes
 10567 | Lair:1   | Reached XP level 12. HP: 94/94 MP: 15/15
 10583 | Lair:1   | Reached skill level 5 in Invocations
 10810 | Lair:1   | Noticed Grum
 10826 | Lair:1   | Killed Grum
 10968 | Lair:1   | Identified a scroll of acquirement
 10969 | Lair:1   | Got a crystal battleaxe
 10970 | Lair:1   | Identified the +2 battleaxe "Muts" {chop, *Rage Str+2 Dex+3} (You acquired it on level 1 of the Lair of Beasts)
 11181 | Lair:2   | Reached **** piety under Cheibriados
 11313 | Lair:2   | Reached skill level 12 in Axes
 11793 | Lair:3   | Reached skill level 13 in Axes
 11824 | Lair:3   | Reached ***** piety under Cheibriados
 12024 | Lair:3   | Found a staircase to the Snake Pit.
 12133 | Lair:3   | Reached XP level 13. HP: 62/99 MP: 18/18
 12146 | Lair:3   | Reached skill level 14 in Axes
 12777 | Lair:3   | Got a bloodstained cloak
 12783 | Lair:3   | Identified the +1 cloak "Sipi" {*Drain MR++ Slay+3 Stlth+} (You found it on level 3 of the Lair of Beasts)
 13112 | Lair:3   | Reached skill level 15 in Axes
 13158 | Snake:1  | Entered Level 1 of the Snake Pit
 13587 | Lair:4   | Noticed a five-headed hydra
 13604 | Lair:4   | Killed a ten-headed hydra
 13806 | Lair:4   | Found the +4 Vampire's Tooth {vamp}
 13930 | Lair:4   | Found a staircase to the Shoals.
 14069 | Lair:4   | Reached skill level 16 in Axes
 14077 | Lair:4   | Got a pair of scorched boots
 14088 | Lair:4   | Identified the +0 pair of boots "Nauqe" {rF+ Regen+ Dex+3} (You acquired it on level 4 of the Lair of Beasts)
 14413 | Lair:5   | Reached XP level 14. HP: 98/106 MP: 19/19
 14420 | Lair:5   | Reached ****** piety under Cheibriados
 14435 | Lair:5   | Found a staircase to the Slime Pits.
 14973 | Lair:6   | Entered Level 6 of the Lair of Beasts
 14988 | Lair:6   | Found the +2 cloak of the Thief {+Fog Slay-2 SInv Stlth+}
 15003 | Lair:6   | Reached skill level 17 in Axes
 15375 | Lair:6   | Reached skill level 18 in Axes
 16167 | D:11     | Noticed Erica
 16173 | D:11     | Killed Erica
 16244 | D:11     | Noticed Nergalle
 16247 | D:11     | Killed Nergalle
 16543 | D:12     | Reached XP level 15. HP: 112/112 MP: 20/20
 16593 | D:12     | Found a staircase to the Orcish Mines.
 16676 | D:12     | Found a frozen archway.
 16702 | IceCv    | Entered an ice cave
 16869 | IceCv    | Reached skill level 19 in Axes
 17090 | IceCv    | Noticed a frost giant
 17112 | IceCv    | Killed a frost giant
 17268 | IceCv    | Got a translucent amber ring
 17277 | IceCv    | Identified the ring of Bul Riteu {rCorr +Fly Dex+5} (You found it in an ice cave)
 17433 | D:12     | Reached skill level 10 in Invocations
 17775 | D:12     | Found a roughly hewn altar of Beogh.
 18229 | D:13     | Found a corrupted altar of Lugonu.
 18301 | D:13     | Found Podibb's Assorted Antiques.
 18321 | D:13     | Bought a potion of might for 132 gold pieces
 18321 | D:13     | Bought a potion of resistance for 330 gold pieces
 18817 | D:14     | Found a gate to the Vaults.
 18851 | D:14     | Reached skill level 20 in Axes
 19184 | D:14     | Reached XP level 16. HP: 119/119 MP: 23/23
 19514 | D:15     | Entered Level 15 of the Dungeon
 19879 | D:15     | Reached skill level 10 in Shields
 19893 | D:15     | Found a staircase to the Depths.
 20265 | Orc:1    | Entered Level 1 of the Orcish Mines
 20423 | Orc:1    | Reached skill level 10 in Fighting
 20437 | Orc:1    | Noticed Amnesiac's ghost (novice SpGl)
 20439 | Orc:1    | Reached skill level 10 in Armour
 20447 | Orc:1    | Killed Amnesiac's ghost
 20745 | Orc:2    | Entered Level 2 of the Orcish Mines
 20796 | Orc:2    | Found Xuam Zesa's Book Shoppe.
 20840 | Orc:2    | Reached XP level 17. HP: 39/129 MP: 26/26
 21080 | Orc:2    | Found Tush's Antique Armour Shop.
 21089 | Orc:2    | Bought a scorched large shield for 247 gold pieces
 21089 | Orc:2    | Identified the +1 large shield of the Hare {rPois rN+ MR+} (You bought it in a shop on level 2 of the Orcish Mines)
 21136 | Orc:2    | Found Ufill's General Store.
 21170 | Orc:2    | Found Siutaw's Antique Weapon Boutique.
 21310 | Orc:2    | Found a staircase to the Elven Halls.
 22021 | Snake:1  | Noticed Louise
 22039 | Snake:1  | Killed Louise
 22718 | Snake:2  | Gained mutation: Potions are less effective at restoring your health. [potion of mutation]
 22718 | Snake:2  | Gained mutation: You expend magic power (3 MP) to strengthen your wands. [potion of mutation]
 22719 | Snake:2  | Lost mutation: You expend magic power (3 MP) to strengthen your wands. [potion of mutation]
 22719 | Snake:2  | Gained mutation: Your spells are a little harder to cast, but a little more powerful. [potion of mutation]
 22719 | Snake:2  | Gained mutation: You are partially covered in rugged brown scales. (AC +1, +3% HP) [potion of mutation]
 22990 | Snake:2  | Killed from afar by a shock serpent

Vault maps used:
D:1:      nzn_arrival_settlement, corexii_item_surrounded_by_moat,
          serial_bayou_lagoon_b
D:3:      elyvilon_altar_3, uniq_robin
D:4:      first_ration
D:5:      wad_river_or_something, uniq_blork_the_orc, uniq_eustachio,
          uniq_grinder
D:6:      serial_shops, kennysheep_little_box, basic_altar
D:7:      minmay_temple_entry_enclosed_plants
D:8:      nicolae_overflow_crystal_walls
D:10:     lair_entry_dummy, grunt_livestock
D:11:     serial_shops, shop, uniq_nergalle, uniq_erica, uniq_erolcha
D:12:     zombieorc2_lemuel, portal_ice_cave_entry_ice_beasts
D:13:     kennysheep_kobold_lugonu_temple, serial_shops, nicolae_shop_waterfront
D:14:     david_vaults_4, nicolae_lava_and_water
D:15:     grunt_enter_depths_magical_seal, st_stairs_11
Temple:   minmay_crystal_snake_temple
Lair:1:   uniq_grum, uniq_harold
Lair:2:   special_room, minmay_stone_trees_small,
          grunt_forest_large_clearing_hut
Lair:3:   minmay_snake_entry_guardpost_small, bobbens_dragon_lair_wall
Lair:4:   elwin_shoals_entry_stream, minivault_25, infiniplex_staircase_pool_2
Lair:5:   nicolae_slime_entry_slimehenge, kennysheep_rathole,
          grunt_megastairs_5, serial_bayou_shore_a, infiniplex_staircase_pool
Lair:6:   hangedman_lair_caniforms_friends
Snake:1:  uniq_louise
Snake:2:  st_stairs_7, serial_bayou_lake_a
Orc:2:    grunt_orc_gardens, grunt_orc_garden, grunt_orc_garden,
          grunt_orc_garden, grunt_orc_garden, nicolae_volcano_entry_s_turn
IceCv:    ice_cave_caverns_03

Skill      XL: |  1  2  3  4  5  6  7  8  9 10 11 12 13 14 15 16 17 |
---------------+----------------------------------------------------+-----
Axes           | 3 4 6 7 8 10 11 13 16 18 20 | 20.0
Shields        | 5 9 10 11 | 11.9
Dodging        | 2 5 7 8 |  8.1
Fighting       | 4 7 8 10 11 | 11.3
Armour         | 4 7 8 10 11 | 11.2
Invocations    | 4 7 10 12 | 12.8

Action                   |  1- 3 |  4- 6 |  7- 9 | 10-12 | 13-15 | 16-18 || total
-------------------------+-------+-------+-------+-------+-------+-------++-------
Melee: War axe           |   101 |   198 |   315 |   540 |       |       ||  1154
       Battleaxe         |       |       |       |   188 |   916 |   495 ||  1599
Invok: Temporal Distorti |       |       |       |     3 |     1 |     1 ||     5
       Slouch            |       |       |       |       |       |     6 ||     6
       Step From Time    |       |       |       |       |       |     1 ||     1
 Abil: Dig               |       |       |       |     2 |     4 |       ||     6
Evoke: Wand              |       |       |       |     9 |    12 |     1 ||    22
  Use: Potion            |       |     1 |     5 |     5 |     5 |     5 ||    21
       Scroll            |       |       |     6 |    20 |    10 |     2 ||    38
 Stab: Petrified         |       |       |       |       |     9 |       ||     9
       Distracted        |       |       |       |       |     1 |       ||     1
       Invisible         |       |       |       |       |       |     8 ||     8
  Eat: Chunk             |     1 |     6 |    12 |    16 |    10 |     5 ||    50
       Ration            |       |       |       |       |     1 |     1 ||     2
Armor: Scale mail        |    41 |    81 |    77 |    71 |       |       ||   270
       Plate armour      |       |       |       |   146 |   223 |    77 ||   446
Dodge: Dodged            |    33 |    61 |    83 |   220 |   351 |   155 ||   903
Block: Shield            |    42 |    98 |   145 |   576 |   785 |   296 ||  1942
       Reflection        |       |       |       |     2 |    45 |    52 ||    99
       Large shield      |       |       |       |       |       |   209 ||   209

Table legend:
 A = Spawn XP
 B = Non-spawn XP
 C = Spawn XP percentage of total XP
 D = Spawn monster count
 E = Non-spawn monster count
 F = Spawn count percentage of total count
 G = Total turns spent on level
                    A         B        C        D         E        F      G
               +---------+---------+-------+---------+---------+-------+---------
         Total |       0 |  190665 |   0.0 |       0 |     974 |   0.0 | 22990
               +---------+---------+-------+---------+---------+-------+---------
           D:1 |       0 |      26 |   0.0 |       0 |      13 |   0.0 |   680
           D:2 |       0 |      30 |   0.0 |       0 |       8 |   0.0 |   583
           D:3 |       0 |     139 |   0.0 |       0 |      38 |   0.0 |  1158
           D:4 |       0 |     754 |   0.0 |       0 |      19 |   0.0 |  1186
           D:5 |       0 |    1953 |   0.0 |       0 |      32 |   0.0 |  1137
           D:6 |       0 |     333 |   0.0 |       0 |      11 |   0.0 |   969
           D:7 |       0 |    1553 |   0.0 |       0 |      27 |   0.0 |   746
           D:8 |       0 |    2016 |   0.0 |       0 |      29 |   0.0 |  1226
           D:9 |       0 |     910 |   0.0 |       0 |      29 |   0.0 |   682
          D:10 |       0 |    2579 |   0.0 |       0 |      21 |   0.0 |   880
          D:11 |       0 |    7522 |   0.0 |       0 |      36 |   0.0 |  1092
          D:12 |       0 |   10513 |   0.0 |       0 |      97 |   0.0 |   758
          D:13 |       0 |    3553 |   0.0 |       0 |      21 |   0.0 |   906
          D:14 |       0 |   12461 |   0.0 |       0 |      36 |   0.0 |   749
          D:15 |       0 |   18935 |   0.0 |       0 |      37 |   0.0 |   706
        Lair:1 |       0 |    4682 |   0.0 |       0 |      17 |   0.0 |  1245
        Lair:2 |       0 |    6159 |   0.0 |       0 |      36 |   0.0 |   736
        Lair:3 |       0 |   10112 |   0.0 |       0 |      44 |   0.0 |  1452
        Lair:4 |       0 |    7238 |   0.0 |       0 |      25 |   0.0 |   917
        Lair:5 |       0 |    8108 |   0.0 |       0 |      44 |   0.0 |   884
        Lair:6 |       0 |   18614 |   0.0 |       0 |      88 |   0.0 |  1050
       Snake:1 |       0 |   11659 |   0.0 |       0 |      19 |   0.0 |   983
       Snake:2 |       0 |   17575 |   0.0 |       0 |      30 |   0.0 |   423
         Orc:1 |       0 |    8750 |   0.0 |       0 |      85 |   0.0 |   523
         Orc:2 |       0 |   21271 |   0.0 |       0 |      83 |   0.0 |   647
         IceCv |       0 |   13220 |   0.0 |       0 |      49 |   0.0 |   643
               +---------+---------+-------+---------+---------+-------+---------
